 Dungeon Crawl Stone Soup version 0.29.1-1-gd02db6906a (webtiles) character file.

Game seed: 1365707729140237426

74 croobank the Caller (level 4, -8/27 HPs)
             Began as an Octopode Summoner on Sept 29, 2022.
             Killed from afar by an orc wizard (11 damage)
             ... with a puff of flame
             ... on level 2 of the Dungeon.
             The game lasted 00:12:00 (3408 turns).

croobank the Caller (Octopode Summoner)             Turns: 3408, Time: 00:12:00

Health: -8/27      AC:  1    Str:  7    XL:     4   Next: 28%
Magic:  0/7        EV: 13    Int: 19    God:
Gold:   152        SH:  0    Dex: 12    Spells: 2/8 levels left

rFire   . . .      SeeInvis .   h - +0 war axe
rCold   . . .      Faith    .   (no shield)
rNeg    . . .      Spirit   +   (helmet restricted)
rPois   .          Reflect  .   e - amulet of guardian spirit
rElec   .          Harm     .   (no ring)
rCorr   .          Rampage  .   (no ring)
Will    .....                   (no ring)
Stlth   +++.......              (no ring)
HPRegen 0.09/turn               (no ring)
MPRegen 0.10/turn               (no ring)
                                (no ring)
                                (no ring)

@: no status effects
A: almost no armour, amphibious, 8 rings, camouflage 1, gelatinous body 1,
(nimble swimmer 1), tentacles
a: no special abilities


You were on level 2 of the Dungeon.
You visited 1 branch of the dungeon, and saw 3 of its levels.

You collected 152 gold pieces.

Inventory:

Hand Weapons
 h - a +0 war axe (weapon)
 l - a +0 dagger
Armour
 d - a +0 kite shield
Jewellery
 e - an amulet of guardian spirit (around mantle)
 o - a ring of wizardry
Scrolls
 b - 3 scrolls of fear {unknown}
 c - 3 scrolls of vulnerability {unknown}
 f - 2 scrolls of teleportation {unknown}
 i - a scroll of identify {unknown}
 m - a scroll of immolation {unknown}
 p - a scroll of poison {unknown}
 q - a scroll of enchant armour {unknown}
Potions
 a - a potion of magic
 g - 2 potions of mutation {unknown}
 j - 2 potions of curing {unknown}
 k - a potion of flight {unknown}
 n - a potion of haste {unknown}


   Skills:
 + Level 0.4 Fighting
 + Level 2.7 Dodging
 + Level 3.8 Stealth
 + Level 2.6 Spellcasting
 + Level 4.4 Summonings


You had 2 spell levels left.
You knew the following spells:

 Your Spells              Type           Power      Damage    Failure   Level
a - Summon Small Mammal   Summ           76%        N/A       2%          1
b - Call Imp              Summ           19%        N/A       3%          2
c - Call Canine Familiar  Summ           19%        N/A       8%          3

Your spell library contained the following spells:

 Spells                   Type           Power      Damage    Failure   Level
 Apportation              Tloc           4%         N/A       16%         1
 Necrotise                Necr           8%         1d4       16%         1
 Summon Guardian Golem    Hex/Summ       10%        N/A       19%         3
 Summon Lightning Spire   Summ/Air       10%        N/A       54%         4


Dungeon Overview and Level Annotations

Branches:
Dungeon (3/15)

Altars:


Innate Abilities, Weirdness & Mutations

You cannot wear most types of armour.
You are amphibious.
You can wear up to eight rings at the same time.
Your skin changes colour to match your surroundings (Stealth+).
Your rubbery body absorbs attacks. (AC +1, EV +1)
((You are camouflaged when in or above water. (Stealth+)))
You have tentacles for arms and can constrict up to eight enemies at once.


Message History

You barely miss the orc wizard. Your grab misses the orc wizard.
You squeeze the orc wizard.
The orc wizard is lightly wounded.
The orc wizard hits you with a +0 dagger.
The orc wizard mumbles some strange words.
The orc wizard flickers and vanishes!
Deactivating autopickup; reactivate with Ctrl-A.
You barely miss the orc priest. You grab the orc priest.
You squeeze the orc priest, but do no damage.
You closely miss something. You constrict the orc priest.
The orc priest hits you with a +0 mace of protection.
The orc priest looks encouraged for a moment.
Something hits you.
You release your grip on the orc priest.
The orc priest attacks as you move away!
The orc priest hits you with a +0 mace of protection.
Something barely misses you.
There is a stone staircase leading up here.
The orc priest begins to cast a cantrip, but forgets the words!
Something completely misses you.
You climb upwards.
Reactivating autopickup.
There is a stone staircase leading down, spattered with blood here.
You hit the orc priest but do no damage.
Your grab misses the orc priest.
The orc priest is moderately wounded.
You barely miss something. Something hits you.
Deactivating autopickup; reactivate with Ctrl-A.
The orc priest hits you with a +0 mace of protection.
Something hits you.
The orc priest hits you with a +0 mace of protection!
* * * LOW HITPOINT WARNING * * *
You closely miss the orc priest. You grab the orc priest.
The orc priest is moderately wounded.
You miss something.
You constrict the orc priest, but do no damage.
You hear some strange, mumbled words.
A puff of flame appears from out of thin air!
The puff of flame hits you!
You die...

######..'..._...'.....#.#.#
#####.8###...###8.##.#.#.#
#........#8.8#....##.#.#.#
#........#####..####.#.#.#
#.[.............# #.#.#.#
##.......#####...# #.#.#.#
##.......# #...####.#.#.######
##.......#####.{.).............#
...............)@.###.#....###.##
.#######.#####..o................
.#######.######..................
.............##...###............
.##......######...# #.#.....##.##
.##.###..# #......###.......##.#
.##.###..# #.##.............##.#
.#...##..###.##..####.#.....##.#
.........##...........#.....##.#


You could see an orc priest.

Vanquished Creatures
  2 giant cockroaches (D:1)
2 creatures vanquished.

Vanquished Creatures (collateral kills)
  A gnoll (D:2)
  2 adders (D:2)
  A dart slug (D:2)
  3 orcs (D:2)
  6 ball pythons
  7 endoplasms
  A giant cockroach (D:3)
  A hobgoblin (D:1)
  4 bats
  2 frilled lizards (D:1)
  5 goblins
  2 kobolds
  3 rats
38 creatures vanquished.

Grand Total: 40 creatures vanquished

Notes
Turn   | Place    | Note
-------+----------+-------------------------------------------
     0 | D:1      | croobank the Octopode Summoner began the quest for the Orb.
     0 | D:1      | Reached XP level 1. HP: 11/11 MP: 3/3
   479 | D:1      | Reached XP level 2. HP: 14/17 MP: 0/5
   482 | D:1      | Learned a level 2 spell: Call Imp
  1440 | D:2      | Reached XP level 3. HP: 21/21 MP: 2/6
  1444 | D:2      | Learned a level 3 spell: Call Canine Familiar
  1774 | D:2      | Found a faded altar of an unknown god.
  2487 | D:2      | Reached XP level 4. HP: 21/27 MP: 1/7
  3408 | D:2      | Killed from afar by an orc wizard

Illustrated notes

Levels and vault maps discovered:
D:1:      dpeg_arrival_signposts, layout_basic
D:2:      layout_basic, dreamdust_ecumenical_altar_angels_and_demons,
          minmay_fractal_squares_5
D:3:      layout_rooms, jmf_multi_god_temple, serial_shops,
          nicolae_lakefront_shop

Skill      XL: |  1 |
---------------+----+-----
Stealth        | 3 |  3.8
Fighting       | |  0.4
Dodging        | |  2.7
Spellcasting   | |  2.6
Summonings     | |  4.4

Action                   |  1- 3 |  4- 6 || total
-------------------------+-------+-------++-------
Melee: Unarmed           |     5 |       ||     5
       Constrict         |     2 |     2 ||     4
       Tentacles         |     2 |     2 ||     4
       War axe           |       |     5 ||     5
 Cast: Summon Small Mamm |    49 |    12 ||    61
       Call Imp          |    13 |     5 ||    18
       Call Canine Famil |     4 |     2 ||     6
Armor: Skin              |     1 |       ||     1
Dodge: Dodged            |     5 |     7 ||    12
